 Dungeon Crawl Stone Soup version 0.22-a0-608-g8a62e23 (webtiles) character file.

114 galech the Skirmisher (level 4, -1/50 HPs)
             Began as an Ogre Berserker on July 9, 2018.
             Was a Believer of Trog.
             Slain by Sigmund
             ... wielding a +0 scythe
              (9 damage)
             ... on level 3 of the Dungeon.
             The game lasted 00:02:25 (2554 turns).

galech the Skirmisher (Ogre Berserker)              Turns: 2554, Time: 00:02:26

Health: -1/50      AC:  5    Str: 21    XL:     4   Next: 98%
Magic:  4/4        EV: 10    Int:  8    God:    Trog [**....]
Gold:   101        SH:  0    Dex:  9    Spells: 3/3 levels left

rFire    . . .     SeeInvis .   a - +0 mace
rCold    . . .     Gourm    .   (no shield)
rNeg     . . .     Faith    .   b - +0 animal skin
rPois    .         Spirit   .   l - +2 hat
rElec    .         Reflect  .   (no cloak)
rCorr    .         Harm     .   (gloves unavailable)
MR       .....                  (boots unavailable)
Stlth    +.........             (no amulet)
HPRegen  0.16/turn              (no ring)
MPRegen  0.09/turn              (no ring)

@: berserk cooldown, slowed, very slow
A: large, unfitting armour, tough skin 1
a: Berserk, Trog's Hand, Renounce Religion


You were on level 3 of the Dungeon.
You worshipped Trog.
Trog was pleased with you.
You were not hungry.

You visited 1 branch of the dungeon, and saw 3 of its levels.

You collected 101 gold pieces.

Inventory:

Hand Weapons
 a - a +0 mace (weapon)
Armour
 b - a +0 animal skin (worn)
 l - a +2 hat (worn)
Scrolls
 d - a scroll of random uselessness {unknown}
 f - 2 scrolls of remove curse {unknown}
 g - 2 scrolls of enchant armour {unknown}
 h - 2 scrolls of teleportation {unknown}
 k - 3 scrolls of blinking {unknown}
 o - a scroll of identify {unknown}
 p - a scroll of enchant weapon {unknown}
Potions
 e - 2 potions of haste {unknown}
 i - a potion of agility {unknown}
 m - a potion of might {unknown}
 n - a potion of flight {unknown}


   Skills:
 + Level 5.0 Fighting
 + Level 3.9 Maces & Flails
 + Level 3.3 Dodging
 + Level 0.3 Stealth


You had 3 spell levels left.
You didn't know any spells.
Your spell library was empty.

Dungeon Overview and Level Annotations

Branches:
Dungeon (3/15)

Altars:

Annotations:
D:3 Sigmund


Innate Abilities, Weirdness & Mutations

You are too large for most types of armour.
You have tough skin. (AC +1)


Message History

You closely miss something. Something hits you but does no damage.
You hit something. You closely miss something. Something completely misses you.
You completely miss something.
You are no longer berserk.
You are exhausted.
You feel yourself slow down.
You hit something but do no damage. Something hits you!
You hear some strange, mumbled words.
Something tries to affect you, but you resist.
You hit something. Something hits you!
You closely miss something. Something hits you.
* * * LOW HITPOINT WARNING * * *
You hit something. Something hits you.
* * * LOW HITPOINT WARNING * * *
Something hits you but does no damage.
You hit something. Something hits you.
* * * LOW HITPOINT WARNING * * *
You thump something! Something hits you!
You die... #################### ..............){@)<# ####################

There were no monsters in sight!

Vanquished Creatures
  An orc priest (D:2)
  2 adders (D:2)
  An ooze (D:1)
  2 worms (D:2)
  2 dart slugs
  2 leopard geckos (D:2)
  4 orcs
  A bat (D:1)
  A giant cockroach (D:2)
  3 goblins
  8 hobgoblins
  9 kobolds
  3 frilled lizards
  A jackal skeleton (D:2)
  8 rats
48 creatures vanquished.

Notes
Turn   | Place    | Note
-------+----------+-------------------------------------------
     0 | D:1      | galech the Ogre Berserker began the quest for the Orb.
     0 | D:1      | Reached XP level 1. HP: 24/24 MP: 1/1
   108 | D:1      | Reached XP level 2. HP: 22/32 MP: 2/2
   866 | D:1      | Reached XP level 3. HP: 37/40 MP: 3/3
  1384 | D:2      | Reached XP level 4. HP: 28/49 MP: 4/4
  1557 | D:2      | Reached ** piety under Trog
  2029 | D:3      | Noticed Sigmund
  2542 | D:3      | Reached skill level 5 in Fighting
  2554 | D:3      | Slain by Sigmund

Vault maps used:
D:1:      sevenhm_arrival_forest_fort_small_6, minmay_misc_feat_alley
D:2:      wad_floor_pattern_2
D:3:      st_stairs_4, uniq_grinder, uniq_sigmund, uniq_ijyb

Skill      XL: |  1  2  3  4 |
---------------+-------------+-----
Maces & Flails | 3 |  3.9
Dodging        | 3 |  3.3
Fighting       | 5 |  5.0
Stealth        | |  0.3

Action                   |  1- 3 |  4- 6 || total
-------------------------+-------+-------++-------
Melee: Mace              |   109 |    82 ||   191
Invok: Berserk           |     1 |     2 ||     3
  Eat: Chunk             |     2 |     3 ||     5
       Ration            |       |     1 ||     1
Armor: Animal skin       |    23 |    30 ||    53
Dodge: Dodged            |    63 |    39 ||   102

Table legend:
 A = Spawn XP
 B = Non-spawn XP
 C = Spawn XP percentage of total XP
 D = Spawn monster count
 E = Non-spawn monster count
 F = Spawn count percentage of total count
 G = Total turns spent on level
                    A         B        C        D         E        F      G
               +---------+---------+-------+---------+---------+-------+---------
         Total |       0 |     164 |   0.0 |       0 |      48 |   0.0 |  2554
               +---------+---------+-------+---------+---------+-------+---------
           D:1 |       0 |      37 |   0.0 |       0 |      18 |   0.0 |  1013
           D:2 |       0 |     117 |   0.0 |       0 |      26 |   0.0 |  1430
           D:3 |       0 |      10 |   0.0 |       0 |       4 |   0.0 |   111
               +---------+---------+-------+---------+---------+-------+---------
